 Dungeon Crawl Stone Soup version 0.26.1-11-gd32895ea62 (webtiles) character file.

Game seed: 13942171382914803657

2260 Gabide the Reanimator (level 9, -2/61 HPs)
             Began as a Mummy Necromancer on Apr 23, 2021.
             Was a Believer of Ashenzari.
             Slain by a killer bee (7 damage)
             ... on level 8 of the Dungeon.
             The game lasted 00:23:41 (11416 turns).

Gabide the Reanimator (Mummy Necromancer)          Turns: 11416, Time: 00:23:41

Health: -2/61      AC:  6    Str: 11    XL:     9   Next: 15%
Magic:  2/30       EV: 13    Int: 16    God:    Ashenzari [**....]
Gold:   423        SH:  0    Dex: 13    Spells: 11/24 levels left

rFire    . . .     SeeInvis .   n - +2 dagger (elec) (curse)
rCold    + . .     Faith    .   (no shield)
rNeg     + + +     Spirit   .   a - +0 robe (curse)
rPois    ∞         Reflect  .   (no helmet)
rElec    .         Harm     .   p - +2 ratskin cloak {*Rats rPois rN+ Str-1 Int-1 Dex+1}
rCorr    .         Rampage  .   (no gloves)
Will     +....                  e - +0 pair of boots (curse)
Stlth    ++........             (no amulet)
HPRegen  0.20/turn              d - ring of protection from fire (curse)
MPRegen  0.22/turn              l - ring of magical power

@: no status effects
A: no potions, fire vulnerability, cold resistance 1, negative energy resistance
3, torment resistance, unbreathing
a: Renounce Religion, Curse Item, Scrying


You were on level 8 of the Dungeon.
You worshipped Ashenzari.
Ashenzari was pleased with you.
You visited 1 branch of the dungeon, and saw 8 of its levels.

You collected 423 gold pieces.

Inventory:

Hand Weapons
 n - a cursed +2 dagger of electrocution (weapon)
Armour
 a - a cursed +0 robe (worn)
 e - a cursed +0 pair of boots (worn)
 p - the +2 ratskin cloak (worn) {*Rats rPois rN+ Str-1 Int-1 Dex+1}
   (You found it on level 5 of the Dungeon)

   It affects your strength (-1).
   It affects your intelligence (-1).
   It affects your dexterity (+1).
   It protects you from poison.
   It protects you from negative energy.
Jewellery
 b - an uncursed ring of resist corrosion
 c - an uncursed ring of fire
 d - a cursed ring of protection from fire (left hand)
 g - an uncursed ring of protection from cold
 l - a ring of magical power (right hand)
 q - an uncursed ring of fire
Wands
 f - a wand of paralysis (4)
 k - a wand of polymorph (8)
 m - a wand of flame (17)
Scrolls
 h - 12 scrolls of identify
 i - 2 scrolls of amnesia
 j - a scroll of magic mapping
 o - 3 scrolls of remove curse
 r - a scroll of teleportation
 s - a scroll of fear


   Skills:
 + Level 1.8 Fighting
 + Level 0.3(1.1) Short Blades
 + Level 2.3 Maces & Flails
 + Level 2.6 Dodging
 + Level 1.8 Stealth
 + Level 8.2 Spellcasting
 * Level 9.9 Necromancy


You had 11 spell levels left.
You knew the following spells:

 Your Spells              Type           Power        Failure   Level
a - Pain                  Necr           100%         1%          1
b - Vampiric Draining     Necr           19%          1%          3
c - Animate Dead          Necr           19%          1%          4
d - Agony                 Necr           38%          4%          5

Your spell library contained the following spells:

 Spells                   Type           Power        Failure   Level
 Animate Skeleton         Necr           76%          1%          1
 Magic Dart               Conj           24%          11%         1
 Blink                    Tloc           N/A          17%         2
 Call Imp                 Summ           6%           17%         2
 Slow                     Hex            6%           17%         2
 Conjure Flame            Conj/Fire      6%           32%         3
 Mephitic Cloud           Conj/Pois/Air  6%           32%         3


Dungeon Overview and Level Annotations

Branches:
Dungeon (8/15)             Temple (0/1) D:7
   Lair: D:8-11

Altars:
Ashenzari
Dithmenos
Elyvilon
Gozag
Makhleb
Sif Muna
Vehumet
Xom
Yredelemnul

Shops:
D:4 [


Innate Abilities, Weirdness & Mutations

You do not drink.
Your flesh is vulnerable to fire.
You are immune to poison.
Your flesh is cold resistant. (rC+)
You are immune to negative energy. (rN+++)
You are immune to unholy pain and torment.
You can survive without breathing.


Message History

You closely miss the killer bee.
The killer bee is severely wounded.
The killer bee barely misses you. The killer bee stings you.
* * * LOW HITPOINT WARNING * * *
You completely miss the killer bee.
The killer bee is severely wounded.
The killer bee stings you.
* * * LOW HITPOINT WARNING * * *
The killer bee stings you.
* * * LOW HITPOINT WARNING * * *
The killer bee stings you.
* * * LOW HITPOINT WARNING * * *
Casting: Vampiric Draining (safe; 1% risk of failure)
Confirm with . or Enter, or press ? or * to list all spells.
Aiming: Vampiric Draining (safe; 1% risk of failure)
Press: ? - help, Shift-Dir - straight line, f - killer bee
Aim: a killer bee (severely wounded)
You kill the killer bee!
You feel life coursing into your body. The killer bee stings you!
You die...

#.#.######## #.# #(#
#.# #.########
#........#..
#.#.........
#.##########.######..#
.......@yy...........#
#.###########.######.#
.....=.........
........#######
........# ........#
........# ........#
.(......#


You could see 2 killer bees.

Vanquished Creatures
  Sigmund (D:5)
  Edmund (D:5)
  A sky beast (D:5)
  A phantom (D:6)
  An ice beast (D:6)
  3 ogres
  A centaur (D:7)
  A bullfrog (D:7)
  A scorpion (D:6)
  4 killer bees (D:8)
  2 bullfrog zombies (D:4)
  4 orc priests
  A centaur zombie (D:5)
  2 hounds
  3 orc wizards
  Ijyb (D:3)
  A hell rat (D:5)
  An iguana (D:5)
  6 worker ants
  2 hound skeletons
  2 worker ant zombies (D:4)
  16 adders
  12 gnolls (D:6)
  A howler monkey skeleton (D:5)
  8 river rats (D:5)
  A white imp (D:5)
  2 adder zombies
  2 adder skeletons
  9 worms
  3 dart slugs
  2 leopard geckos
  21 orcs
  10 bats
  6 giant cockroaches
  7 hobgoblins
  4 jackals (D:3)
  7 kobolds
  A quokka (D:5)
  2 ball pythons
  4 frilled lizards
  A giant cockroach zombie (D:4)
  7 goblins
  A jackal skeleton (D:5)
  3 leopard gecko skeletons
  A leopard gecko zombie (D:4)
  A quokka zombie (D:4)
  25 rats
197 creatures vanquished.

Vanquished Creatures (others)
  2 withered plants (D:4)
2 creatures vanquished.

Grand Total: 199 creatures vanquished

Notes
Turn   | Place    | Note
-------+----------+-------------------------------------------
     0 | D:1      | Gabide the Mummy Necromancer began the quest for the Orb.
     0 | D:1      | Reached XP level 1. HP: 13/13 MP: 4/4
   119 | D:1      | Reached XP level 2. HP: 6/19 MP: 0/5
   982 | D:2      | Reached skill level 5 in Necromancy
   982 | D:2      | Reached XP level 3. HP: 18/24 MP: 0/7
  1336 | D:2      | Found a broken altar of Ashenzari.
  1338 | D:2      | Found a shadowy altar of Dithmenos.
  1340 | D:2      | Became a worshipper of Ashenzari the Shackled
  1563 | D:2      | Reached XP level 4. HP: 22/30 MP: 1/8
  1567 | D:2      | Learned a level 3 spell: Vampiric Draining
  2122 | D:2      | Found a shimmering altar of Xom.
  2219 | D:2      | Found a radiant altar of Vehumet.
  2219 | D:2      | Found an opulent altar of Gozag.
  2236 | D:2      | Found a shimmering blue altar of Sif Muna.
  2238 | D:2      | Found a shimmering altar of Xom.
  2240 | D:2      | Found a basalt altar of Yredelemnul.
  2728 | D:3      | Reached XP level 5. HP: 35/35 MP: 2/10
  3037 | D:3      | Noticed Ijyb
  3045 | D:3      | Killed Ijyb
  3046 | D:3      | Reached skill level 6 in Necromancy
  3090 | D:3      | Found a white marble altar of Elyvilon.
  3155 | D:3      | Learned a level 4 spell: Animate Dead
  4648 | D:4      | Reached skill level 1 in Maces & Flails
  4648 | D:4      | Reached XP level 6. HP: 42/42 MP: 9/12
  4739 | D:4      | Found Byg Kam's Armour Boutique.
  5528 | D:4      | Reached * piety under Ashenzari
  5563 | D:4      | Reached skill level 1 in Fighting
  5815 | D:5      | Entered Level 5 of the Dungeon
  5966 | D:4      | HP: 2/43 [something (2)]
  6357 | D:5      | Reached XP level 7. HP: 44/48 MP: 11/14
  6548 | D:5      | Reached skill level 5 in Spellcasting
  6628 | D:5      | Noticed Sigmund
  6639 | D:5      | Killed Sigmund
  6640 | D:5      | Reached skill level 7 in Necromancy
  7410 | D:5      | Learned a level 5 spell: Agony
  7561 | D:5      | Reached XP level 8. HP: 52/54 MP: 17/17
  7772 | D:5      | Reached skill level 8 in Necromancy
  7861 | D:5      | Noticed Edmund
  7870 | D:5      | Killed Edmund
  8673 | D:5      | Found the +2 ratskin cloak {*Rats rPois rN+ Str-1 Int-1
                  | Dex+1}
  9224 | D:6      | Reached skill level 9 in Necromancy
  9795 | D:6      | Found a burning altar of Makhleb.
 10607 | D:7      | Reached XP level 9. HP: 61/61 MP: 20/20
 10634 | D:7      | Found a staircase to the Ecumenical Temple.
 10687 | D:7      | Reached ** piety under Ashenzari
 11415 | D:8      | HP: 3/61 [killer bee (3)]
 11416 | D:8      | Slain by a killer bee

Illustrated notes

Levels and vault maps discovered:
D:1:      dpeg_arrival_simpleton_b, layout_rooms, minmay_tromino_mix6
D:2:      layout_basic, chequers_temple_overflow_minitemple,
          grunt_temple_overflow_open, xom_teletrap_fun
D:3:      layout_rooms, elyvilon_altar_3, uniq_ijyb
D:4:      layout_loops_cross, enter_ossuary_1, serial_undead, serial_undead_e,
          serial_undead_c, serial_undead_f, serial_undead_c, serial_shops, shop
D:5:      wander_guarded_unrand_ratskin, layout_layer_cave,
          lightli_sewer_entry_pipes, uniq_sigmund, uniq_edmund
D:6:      layout_basic, bloody_makhleb
D:7:      layout_loops_ring, minmay_temple_entry_statues_pillars
D:8:      layout_basic, dpeg_lair_monsters, serial_shops, shop

Skill      XL: |  1  2  3  4  5  6  7  8  9 |
---------------+----------------------------+-----
Necromancy     | 5 6 7 9 |  9.9
Spellcasting   | 3 4 6 7 8 |  8.2
Maces & Flails | 1 2 |  2.3
Fighting       | 1 |  1.8
Dodging        | 2 |  2.6
Short Blades   | |  0.3
Stealth        | |  1.8

Action                   |  1- 3 |  4- 6 |  7- 9 || total
-------------------------+-------+-------+-------++-------
Melee: Unarmed           |    19 |       |       ||    19
       Mace              |     2 |    77 |       ||    79
       Flail             |       |    50 |       ||    50
       Dagger            |       |    23 |    66 ||    89
 Cast: Pain              |    72 |   145 |   220 ||   437
       Vampiric Draining |       |     3 |    22 ||    25
       Animate Dead      |       |       |     3 ||     3
Invok: Curse Item        |       |     4 |       ||     4
       Scrying           |       |     1 |       ||     1
Evoke: Wand              |       |     2 |       ||     2
  Use: Scroll            |     5 |     3 |     6 ||    14
Armor: Robe              |     3 |    48 |    31 ||    82
Dodge: Dodged            |    22 |   164 |   100 ||   286
